 Dungeon Crawl Stone Soup version 0.20-a0-681-gf83e07f (webtiles) character file.

214 polly the Slasher (level 5, 0/40 HPs)
             Began as a Demonspawn Gladiator on Feb 18, 2017.
             Slain by a gnoll
             ... wielding a +0 spear
              (3 damage)
             ... on level 3 of the Dungeon.
             The game lasted 00:02:31 (2033 turns).

polly the Slasher (Demonspawn Gladiator)            Turns: 2033, Time: 00:02:32

Health: 0/40       AC:  9    Str: 20    XL:     5   Next: 60%
Magic:  5/5        EV:  9    Int:  9    God:
Gold:   163        SH:  0    Dex: 15    Spells: 4/4 levels left

rFire    . . .     SeeInvis .   a - +0 long sword
rCold    . . .     Gourm    .   s - +0 chain mail
rNeg     . . .     Faith    .   (no shield)
rPois    .         Spirit   .   c - +0 helmet
rElec    .         Reflect  .   (no cloak)
rCorr    .         Harm     .   (no gloves)
MR       .....                  (no boots)
Stlth    ..........             (no amulet)
Regen    0.2/turn               (no ring)
MPRegen  0.1/turn               (no ring)

@: mighty
A: demonic guardian 1, powered by pain 2
a: no special abilities


You were on level 3 of the Dungeon.
You were not hungry.

You visited 1 branch of the dungeon, and saw 3 of its levels.

You collected 163 gold pieces.

Inventory:

Hand Weapons
 a - a +0 long sword (weapon)
Missiles
 d - 3 throwing nets (quivered)
Armour
 b - a +0 leather armour
 c - a +0 helmet (worn)
 i - a +2 hat
 s - a +0 chain mail (worn)
Scrolls
 g - a scroll of random uselessness {unknown}
 h - 3 scrolls of remove curse {unknown}
 j - a scroll of blinking {unknown}
 l - a scroll of magic mapping {unknown}
 m - a scroll of immolation {unknown}
 n - a scroll of teleportation {unknown}
 o - 3 scrolls of identify {unknown}
 p - a scroll of enchant weapon {unknown}
Potions
 k - a potion of magic
Comestibles
 f - 4 bread rations
 q - a royal jelly


   Skills:
 + Level 2.8 Fighting
 + Level 4.5 Long Blades
 + Level 2.0 Throwing
 + Level 1.0 Armour
 + Level 3.3 Dodging
 + Level 1.0 Stealth


You had 4 spell levels left.
You didn't know any spells.

Dungeon Overview and Level Annotations

Branches:
Dungeon (3/15)

Altars:


Innate Abilities, Weirdness & Mutations

A weak demonic guardian rushes to your aid.
You sometimes gain power by taking damage.


Message History

Your quasit claws the gnoll but does no damage.
Your quasit closely misses the gnoll.
The gnoll throws a tomahawk.
The tomahawk hits you but does no damage.
Your quasit barely misses the gnoll.
Your quasit claws the gnoll.
Your quasit barely misses the gnoll.
You see here a tomahawk.
It was a potion of magic.
Magic courses through your body.
The gnoll throws a tomahawk.
The tomahawk barely misses you. The gnoll hits your quasit with a whip.
Your quasit bites the gnoll.
Your quasit claws the gnoll.
Your quasit closely misses the gnoll.
The gnoll closely misses your quasit.
It was a potion of might.
You feel very mighty all of a sudden. The gnoll hits your quasit with a whip.
The gnoll closely misses you.
Your quasit bites the gnoll.
Your quasit claws the gnoll. x2
The gnoll dies!
You hit the gnoll shaman.
The gnoll shaman is heavily wounded.
The gnoll hits you from afar with a spear.
You die...

#....≈≈≈≈≈≈≈≈≈≈≈≈(≈≈
#....≈≈#####≈≈≈≈≈≈≈≈
#....≈≈#.gg#........
#...P≈≈#...#########
#....≈≈###'#
#..).≈≈≈.#..
#.5gg≈≈≈.#
#..g.≈≈≈.#
#.P@.≈≈≈.#
#....≈≈≈.#
#....≈≈≈.#
#....≈≈≈.#
#....≈≈≈.#.#
#....≈≈###'#
#....≈≈#...#########
#....≈≈#.g.#........
#....≈≈#####≈≈≈≈≈≈≈≈


You could see a gnoll shaman, 2 gnolls and a friendly quasit.

Vanquished Creatures
  An orc wizard (D:3)
  3 adders (D:2)
  2 gnolls (D:3)
  2 worms (D:2)
  4 orcs (D:3)
  A ball python (D:2)
  2 giant cockroaches (D:3)
  7 hobgoblins
  17 jackals
  2 bats (D:3)
  3 frilled lizards
  7 goblins
  5 kobolds
  4 rats
60 creatures vanquished.

Vanquished Creatures (collateral kills)
  An orc priest (D:3)
  A gnoll shaman (D:3)
  3 gnolls (D:3)
  3 orcs (D:3)
8 creatures vanquished.

Grand Total: 68 creatures vanquished

Notes
Turn   | Place    | Note
-------+----------+-------------------------------------------
     0 | D:1      | polly the Demonspawn Gladiator began the quest for the Orb.
     0 | D:1      | Reached XP level 1. HP: 16/16 MP: 1/1
   560 | D:2      | Gained mutation: A weak demonic guardian rushes to your aid. [demonic ancestry]
   560 | D:2      | Reached XP level 2. HP: 19/22 MP: 2/2
   565 | D:2      | Reached skill level 3 in Long Blades
   637 | D:2      | Gained mutation: You sometimes gain a little power by taking damage. [demonic ancestry]
   637 | D:2      | Reached XP level 3. HP: 22/27 MP: 3/3
  1321 | D:3      | Reached XP level 4. HP: 33/34 MP: 4/4
  1343 | D:3      | Reached skill level 4 in Long Blades
  1562 | D:3      | Gained mutation: You sometimes gain power by taking damage. [demonic ancestry]
  1562 | D:3      | Reached XP level 5. HP: 39/39 MP: 5/5
  2002 | D:3      | Reached skill level 1 in Stealth
  2005 | D:3      | Reached skill level 1 in Armour
  2033 | D:3      | Slain by a gnoll

Vault maps used:
D:1:      dpeg_arrival_arbitrary_c
D:2:      minmay_wonky_spiral
D:3:      lemuel_castle_with_subvaults

Skill      XL: |  1  2  3  4  5 |
---------------+----------------+-----
Dodging        | 3 |  3.3
Long Blades    | 3 4 |  4.5
Throwing       | 2 |  2.0
Stealth        | 1 |  1.0
Armour         | 1 |  1.0
Fighting       | |  2.8

Action                   |  1- 3 |  4- 6 || total
-------------------------+-------+-------++-------
Melee: Long sword        |    61 |   117 ||   178
  Use: Potion            |       |     2 ||     2
 Stab: Sleeping          |     2 |     3 ||     5
       Distracted        |       |     1 ||     1
  Eat: Chunk             |     1 |     3 ||     4
Armor: Leather armour    |    12 |    16 ||    28
       Chain mail        |       |    40 ||    40
Dodge: Dodged            |    45 |    86 ||   131
       Rpst.: Long sword |    23 |    20 ||    43
